 Dungeon Crawl Stone Soup version 0.29.0-4-gdea44cf6ec (webtiles) character file.

Game seed: 1908114731360586020

2018 qw the Grappler (level 9, -8/84 HPs)
             Began as a Troll Cinder Acolyte on Sept 1, 2022.
             Was an Elder of Ignis.
             Mangled by a skeletal warrior
             ... wielding a +0 long sword
              (9 damage)
             ... on level 5 of the Dungeon.
             The game lasted 00:02:31 (3843 turns).

qw the Grappler (Troll Cinder Acolyte)              Turns: 3843, Time: 00:02:31

Health: -8/84      AC: 11    Str: 32    XL:     9   Next: 3%
Magic:  9/9        EV: 13    Int:  9    God:    Ignis [****..]
Gold:   269        SH:  0    Dex:  4    Spells: 10/10 levels left

rFire   + . .      SeeInvis .     - Unarmed
rCold   . . .      Faith    .   (no shield)
rNeg    . . .      Spirit   .   a - +0 robe
rPois   +          Reflect  .   (helmet restricted)
rElec   .          Harm     .   (no cloak)
rCorr   .          Rampage  .   (gloves unavailable)
Will    .....                   (boots unavailable)
Stlth   +.........              (no amulet)
HPRegen 1.04/turn               f - ring of poison resistance
MPRegen 0.11/turn               n - +4 ring of evasion

@: about to teleport, fiery-armoured
A: large, unfitting armour, claws 3, regeneration 1, shaggy fur 1, tough skin 1,
strong 1
a: Renounce Religion, Fiery Armour, Foxfire Swarm, Rising Flame


You were on level 5 of the Dungeon.
You worshipped Ignis.
Ignis was greatly pleased with you.
You visited 1 branch of the dungeon, and saw 6 of its levels.

You collected 269 gold pieces.


Innate Abilities, Weirdness & Mutations

You are too large for most types of armour.
You have claws for hands.
Your natural rate of healing is unusually fast.
You are covered in fur. (AC +1)
You have tough skin. (AC +1)
Your muscles are strong. (Str +4, Int/Dex -1)


   Skills:
 - Level 4.2 Fighting
 - Level 3.2 Throwing
 + Level 10.8 Unarmed Combat
 - Level 1.0 Spellcasting
 - Level 2.1 Fire Magic


You had 10 spell levels left.
You didn't know any spells.
Your spell library contained the following spells:

 Spells                   Type           Power      Damage    Failure   Level
 Scorch                   Fire           8%         2d5       22%         2

Inventory:

Missiles
 i - 5 javelins
 o - 2 large rocks (quivered)
Armour
 a - a +0 robe (worn)
Jewellery
 c - a ring of positive energy
 f - a ring of poison resistance (left claw)
 j - a ring of fire
 l - a ring of willpower
 n - a +4 ring of evasion (right claw)
Potions
 b - 5 potions of heal wounds
 d - a potion of might
 e - 2 potions of invisibility {unknown}
 g - a potion of brilliance {unknown}
 h - a potion of berserk rage {unknown}
 k - a potion of cancellation {unknown}
 m - a potion of mutation
 p - 2 potions of curing
 r - a potion of lignification {unknown}

Dungeon Overview and Level Annotations

Branches:
Dungeon (6/15)             Temple (0/1) D:6

Altars:
Cheibriados
Fedhas
Kikubaaqudgha
Nemelex Xobeh
Wu Jian
Yredelemnul

Shops:
D:1 [

Annotations:
D:3 1 runed translucent door, Angmar's ghost, amateur DsSk


Message History

A skeletal warrior comes into view. It is wielding a +0 hand axe of venom.
The skeletal warrior hits you with a +0 glaive!
The skeletal warrior is burned by your cloak of flames.
The skeletal warrior is lightly damaged.
You mangle the skeletal warrior!!
The skeletal warrior is moderately damaged.
You closely miss the skeletal warrior. The skeletal warrior barely misses you.
You closely miss the skeletal warrior.
The skeletal warrior barely misses you. x2
You mangle the skeletal warrior!!
The skeletal warrior is moderately damaged.
The skeletal warrior hits you with a +0 war axe!
The skeletal warrior hits you but does no damage.
You claw the skeletal warrior!
The skeletal warrior is heavily damaged.
You claw the skeletal warrior!
The skeletal warrior is severely damaged.
The skeletal warrior closely misses you.
3839 ||| Stepping ~*~*~tactically~*~*~ (outnumbered).
There is a stone staircase leading up here.
3840 ||| STAIRDANCE The skeletal warrior hits you with a +0 war axe!!
The skeletal warrior is burned by your cloak of flames.
The skeletal warrior is severely damaged.
The skeletal warrior hits you with a +0 long sword!
The skeletal warrior is burned by your cloak of flames.
The skeletal warrior is lightly damaged.
You climb upwards.
There is a stone staircase leading down here.
You scratch the skeletal warrior.
The skeletal warrior is almost destroyed.
The skeletal warrior hits you with a +0 war axe!
The skeletal warrior hits you with a +0 long sword!
3843 ||| READING scroll of teleportation.
As you read the scroll of teleportation, it crumbles to dust.
You feel strangely unstable.
The skeletal warrior hits you with a +0 war axe!!
The skeletal warrior hits you with a +0 long sword!
You die...

######
#######....#####
#..........'z@.#
#######
##.####....##.z####
#...... #.#
#######.....#
#...... #.# #.###.#
#...... #.# #.#
#.######...... #.#
#.# #.............
#.# #.#
##......###### #.#
#.# #......######
#.# #.#
#......))....


You could see 2 skeletal warriors.

Vanquished Creatures
  Sigmund (D:3)
  Menkaure (D:6)
  An ice beast (D:5)
  2 black bears
  3 ogres
  2 phantoms (D:5)
  A bullfrog (D:6)
  3 scorpions
  A necrophage (D:3)
  A howler monkey (D:5)
  5 hounds
  3 jellies
  A gnoll bouda (D:5)
  2 iguanas (D:5)
  An orc wizard (D:6)
  20 gnolls
  5 adders
  A worm (D:4)
  3 dart slugs
  13 orcs
  5 bats
  7 endoplasms
  3 giant cockroaches
  4 goblins (D:1)
  10 hobgoblins
  15 jackals
  4 quokkas
  6 ball pythons
  5 frilled lizards
  8 kobolds
  11 rats
148 creatures vanquished.

Vanquished Creatures (others)
  4 plants (D:4)
  4 withered plants (D:4)
8 creatures vanquished.

Grand Total: 156 creatures vanquished

Notes
Turn   | Place    | Note
-------+----------+-------------------------------------------
     0 | D:1      | qw the Troll Cinder Acolyte began the quest for the Orb.
     0 | D:1      | Reached XP level 1. HP: 22/22 MP: 1/1
     0 | D:1      | 0 ||| qw: Version: 0.1-a-97-g2dd2ca4
     0 | D:1      | 0 ||| qw: Game counter: 4860
     0 | D:1      | 0 ||| qw: Always use a shield: true
     0 | D:1      | 0 ||| qw: God list: Okawaru
     0 | D:1      | 0 ||| qw: Allow faded altars: false
     0 | D:1      | 0 ||| qw: Do Orc after D:15 true
     0 | D:1      | 0 ||| qw: Do second Lair branch before Depths: true
     0 | D:1      | 0 ||| qw: Lair rune preference: random
     0 | D:1      | 0 ||| qw: Plans: Normal
     0 | D:1      | 0 ||| PLANNING D:1-11
   126 | D:1      | Reached XP level 2. HP: 23/29 MP: 2/2
   324 | D:1      | Reached skill level 4 in Unarmed Combat
   521 | D:1      | Found Ulaghaub's Armour Boutique.
   607 | D:1      | Reached XP level 3. HP: 36/36 MP: 3/3
   620 | D:1      | 620 ||| UPGRADING to ring of willpower.
   621 | D:1      | 621 ||| DROPPING +6 ring of intelligence.
   622 | D:1      | 622 ||| READING scroll labelled PUETEKHLU AKLUG.
   623 | D:1      | 623 ||| DRINKING 2 emerald potions.
   624 | D:1      | 624 ||| DRINKING 2 metallic white potions.
   624 | D:1      | Gained mutation: Your flesh is cold resistant. (rC+)
                  | [potion of mutation]
   624 | D:1      | Gained mutation: You occasionally lose the ability to drink
                  | potions when taking damage. [potion of mutation]
   625 | D:1      | 625 ||| DRINKING potion of mutation.
   625 | D:1      | Lost mutation: Your flesh is cold resistant. (rC+) [potion
                  | of mutation]
   625 | D:1      | Lost mutation: You occasionally lose the ability to drink
                  | potions when taking damage. [potion of mutation]
   625 | D:1      | Gained mutation: Your muscles are strong. (Str +4, Int/Dex
                  | -1) [potion of mutation]
   837 | D:2      | 837 ||| Stepping ~*~*~tactically~*~*~ (stealth).
   838 | D:2      | 838 ||| Stepping ~*~*~tactically~*~*~ (stealth).
   840 | D:2      | 840 ||| Stepping ~*~*~tactically~*~*~ (stealth).
   842 | D:2      | 842 ||| Stepping ~*~*~tactically~*~*~ (stealth).
   847 | D:2      | Reached skill level 1 in Throwing
   850 | D:2      | 850 ||| Stepping ~*~*~tactically~*~*~ (stealth).
   925 | D:2      | Reached XP level 4. HP: 44/44 MP: 4/4
   929 | D:2      | Found an ornate altar of the Wu Jian Council.
  1101 | D:2      | 1101 ||| UPGRADING to +4 ring of evasion.
  1102 | D:2      | 1102 ||| READING scroll labelled IRPHOG HAOTS.
  1103 | D:2      | 1103 ||| READING scroll labelled VYEKIE LINKAI.
  1104 | D:2      | 1104 ||| READING scroll labelled ULOCER VYNGYE.
  1105 | D:2      | 1105 ||| DRINKING 2 clear potions.
  1106 | D:2      | 1106 ||| DROPPING potion of attraction.
  1133 | D:3      | Noticed Angmar's ghost (amateur DsSk)
  1133 | D:3      | Found a runed translucent door.
  1134 | D:3      | 1134 ||| STAIRDANCE
  1318 | D:3      | Reached skill level 5 in Unarmed Combat
  1372 | D:3      | Noticed Sigmund
  1379 | D:3      | Killed Sigmund
  1380 | D:3      | Reached skill level 6 in Unarmed Combat
  1380 | D:3      | Reached XP level 5. HP: 41/50 MP: 5/5
  1485 | D:3      | Found a basalt altar of Yredelemnul.
  1487 | D:3      | Found a snail-covered altar of Cheibriados.
  1490 | D:3      | Found a sparkling altar of Nemelex Xobeh.
  1641 | D:3      | 1641 ||| Stepping ~*~*~tactically~*~*~ (hiding).
  1973 | D:3      | 1973 ||| READING scroll labelled DONEAN MATIEJAR.
  1999 | D:4      | 1999 ||| Stepping ~*~*~tactically~*~*~ (stealth).
  2000 | D:4      | 2000 ||| STAIRDANCE
  2051 | D:4      | 2051 ||| STAIRDANCE
  2100 | D:4      | 2100 ||| INVOKING Fiery Armour.
  2101 | D:4      | 2101 ||| STAIRDANCE
  2103 | D:3      | 2103 ||| Stepping ~*~*~tactically~*~*~ (outnumbered).
  2104 | D:3      | HP: 12/50 [poisoned by a gnoll]
  2105 | D:3      | Reached XP level 6. HP: 14/59 MP: 6/6
  2105 | D:3      | 2105 ||| FLEEEEING.
  2106 | D:3      | 2106 ||| FLEEEEING.
  2107 | D:3      | 2107 ||| FLEEEEING.
  2107 | D:3      | HP: 5/59 [poisoned by a gnoll]
  2108 | D:3      | 2108 ||| FLEEEEING.
  2109 | D:3      | 2109 ||| FLEEEEING.
  2109 | D:3      | HP: 2/59 [poisoned by a gnoll]
  2110 | D:3      | 2110 ||| FLEEEEING.
  2111 | D:3      | 2111 ||| FLEEEEING.
  2112 | D:3      | 2112 ||| FLEEEEING.
  2113 | D:3      | 2113 ||| FLEEEEING.
  2114 | D:3      | 2114 ||| FLEEEEING.
  2114 | D:3      | HP: 2/59 [poisoned by a gnoll]
  2115 | D:3      | 2115 ||| FLEEEEING.
  2116 | D:3      | 2116 ||| FLEEEEING.
  2117 | D:3      | 2117 ||| FLEEEEING.
  2118 | D:3      | 2118 ||| FLEEEEING.
  2119 | D:3      | 2119 ||| FLEEEEING.
  2120 | D:3      | 2120 ||| STAIRDANCE
  2236 | D:4      | 2236 ||| STAIRDANCE
  2315 | D:4      | 2315 ||| Stepping ~*~*~tactically~*~*~ (stealth).
  2320 | D:4      | 2320 ||| Stepping ~*~*~tactically~*~*~ (stealth).
  2321 | D:4      | 2321 ||| Stepping ~*~*~tactically~*~*~ (stealth).
  2356 | D:4      | 2356 ||| Stepping ~*~*~tactically~*~*~ (outnumbered).
  2358 | D:4      | 2358 ||| Stepping ~*~*~tactically~*~*~ (outnumbered).
  2506 | D:4      | Reached skill level 7 in Unarmed Combat
  2599 | D:4      | 2599 ||| INVOKING Fiery Armour.
  2642 | D:4      | Found an ancient bone altar of Kikubaaqudgha.
  2646 | D:4      | Found a blossoming altar of Fedhas.
  2671 | D:4      | 2671 ||| Stepping ~*~*~tactically~*~*~ (stealth).
  2903 | D:4      | 2903 ||| UPGRADING to ring of poison resistance.
  2905 | D:4      | 2905 ||| READING 2 scrolls labelled HORURI DULULOTS.
  2909 | D:4      | 2909 ||| DRINKING 3 fizzy dark potions.
  2925 | D:5      | Entered Level 5 of the Dungeon
  2943 | D:5      | Reached XP level 7. HP: 63/66 MP: 7/7
  2992 | D:5      | Reached skill level 8 in Unarmed Combat
  3065 | D:5      | Reached skill level 3 in Fighting
  3066 | D:5      | 3066 ||| Stepping ~*~*~tactically~*~*~ (hiding).
  3070 | D:5      | Reached skill level 3 in Throwing
  3104 | D:5      | 3104 ||| INVOKING Fiery Armour.
  3122 | D:5      | Reached XP level 8. HP: 58/75 MP: 8/8
  3122 | D:5      | 3122 ||| FLEEEEING.
  3123 | D:5      | 3123 ||| FLEEEEING.
  3124 | D:5      | 3124 ||| FLEEEEING.
  3125 | D:5      | 3125 ||| FLEEEEING.
  3126 | D:5      | 3126 ||| FLEEEEING.
  3127 | D:5      | 3127 ||| FLEEEEING.
  3128 | D:5      | 3128 ||| FLEEEEING.
  3129 | D:5      | 3129 ||| FLEEEEING.
  3130 | D:5      | 3130 ||| FLEEEEING.
  3131 | D:5      | 3131 ||| FLEEEEING.
  3139 | D:5      | Reached skill level 9 in Unarmed Combat
  3223 | D:5      | 3223 ||| Stepping ~*~*~tactically~*~*~ (stealth).
  3225 | D:5      | 3225 ||| Stepping ~*~*~tactically~*~*~ (stealth).
  3228 | D:5      | 3228 ||| Stepping ~*~*~tactically~*~*~ (stealth).
  3556 | D:5      | 3556 ||| READING scroll labelled CYECHA QOCSA.
  3557 | D:5      | 3557 ||| DRINKING 2 black potions.
  3589 | D:6      | 3589 ||| INVOKING Fiery Armour.
  3590 | D:6      | 3590 ||| STAIRDANCE
  3596 | D:6      | 3596 ||| STAIRDANCE
  3601 | D:5      | Reached skill level 10 in Unarmed Combat
  3626 | D:6      | 3626 ||| Stepping ~*~*~tactically~*~*~ (stealth).
  3633 | D:6      | Noticed Menkaure
  3640 | D:6      | Killed Menkaure
  3641 | D:6      | 3641 ||| FLEEEEING.
  3642 | D:6      | 3642 ||| FLEEEEING.
  3643 | D:6      | 3643 ||| FLEEEEING.
  3644 | D:6      | 3644 ||| FLEEEEING.
  3645 | D:6      | 3645 ||| FLEEEEING.
  3646 | D:6      | 3646 ||| STAIRDANCE
  3732 | D:6      | 3732 ||| Stepping ~*~*~tactically~*~*~ (outnumbered).
  3735 | D:6      | 3735 ||| Stepping ~*~*~tactically~*~*~ (outnumbered).
  3736 | D:6      | 3736 ||| Stepping ~*~*~tactically~*~*~ (outnumbered).
  3739 | D:6      | 3739 ||| Stepping ~*~*~tactically~*~*~ (outnumbered).
  3740 | D:6      | 3740 ||| Stepping ~*~*~tactically~*~*~ (outnumbered).
  3798 | D:6      | Found a staircase to the Ecumenical Temple.
  3821 | D:6      | Reached XP level 9. HP: 82/84 MP: 9/9
  3828 | D:6      | Noticed a skeletal warrior
  3828 | D:6      | Noticed a skeletal warrior
  3829 | D:6      | 3829 ||| INVOKING Fiery Armour.
  3830 | D:6      | Noticed a skeletal warrior
  3831 | D:6      | Noticed a skeletal warrior
  3832 | D:6      | Noticed a skeletal warrior
  3839 | D:6      | 3839 ||| Stepping ~*~*~tactically~*~*~ (outnumbered).
  3840 | D:6      | 3840 ||| STAIRDANCE
  3842 | D:5      | HP: 19/84 [skeletal warrior/+0 long sword (10)]
  3843 | D:5      | 3843 ||| READING scroll of teleportation.
  3843 | D:5      | HP: 1/84 [skeletal warrior/+0 war axe (19)]
  3843 | D:5      | Mangled by a skeletal warrior

Levels and vault maps discovered:
D:1:      dpeg_arrival_subterranean_lakeside_camping, layout_basic,
          serial_shops, shop
D:2:      layout_rooms, basic_altar
D:3:      layout_loops_ring, minitemple, hellmonk_ghost_happy_afterlife,
          small_statue_alley_b, uniq_sigmund
D:4:      layout_basic, grunt_temple_overflow_growth_and_decay,
          chequers_serial_rivers_small_a
D:5:      layout_basic
D:6:      layout_cave_pools, minmay_temple_entry_sparse_star, uniq_menkaure

Skill      XL: |  1  2  3  4  5  6  7  8 |
---------------+-------------------------+-----
Unarmed Combat | 4 6 7 8 10 | 10.8
Throwing       | 1 2 3 |  3.2
Fighting       | 3 4 |  4.2
Spellcasting   | |  1.0
Fire Magic     | |  2.1

Action                   |  1- 3 |  4- 6 |  7- 9 || total
-------------------------+-------+-------+-------++-------
Melee: Unarmed           |    99 |   102 |   115 ||   316
       Punch             |     1 |       |     3 ||     4
Throw: Javelin           |    28 |     8 |       ||    36
       Large rock        |       |    29 |    17 ||    46
Invok: Fiery Armour      |       |     2 |     3 ||     5
  Use: Potion            |     3 |     2 |     1 ||     6
       Scroll            |     1 |     5 |     2 ||     8
Armor: Robe              |    27 |    29 |    17 ||    73
Dodge: Dodged            |    45 |    64 |    54 ||   163

Table legend:
 A = Non-vault XP
 B = Vault XP
 C = Vault XP percentage of total XP
 D = Non-vault monster count
 E = Vault monster count
 F = Vault count percentage of total count
                 A         B        C        D         E       F
            +---------+---------+-------+---------+---------+-------
      Total |    2476 |     408 |  14.1 |     140 |       8 |   5.4
            +---------+---------+-------+---------+---------+-------
        D:1 |      33 |      10 |  23.3 |      22 |       6 |  21.4
        D:2 |      64 |       0 |   0.0 |      26 |       0 |   0.0
        D:3 |     157 |     223 |  58.7 |      18 |       1 |   5.3
        D:4 |     200 |       0 |   0.0 |      26 |       0 |   0.0
        D:5 |    1386 |       0 |   0.0 |      32 |       0 |   0.0
        D:6 |     636 |     175 |  21.6 |      16 |       1 |   5.9
            +---------+---------+-------+---------+---------+-------
